AoeStats
← sightlaber

Black Forest

504770434Analyzed
4v4 RM · 27d ago on Sep 6, 2026· 50m 49s· 8 players
Game mode
Random Map
Map size
Large (8 player)
Population
200
Speed
Normal
Resources
Standard
Victory
Conquest
Starting age
Dark Age
Ending age
Imperial Age
RankedLock teamsTeams togetherTeam positionsShared explorationLock speedFull tech treeHidden civsTurbo modeCheats
Victory
Defeat
🇪🇸 Ethiopians · Spain
800
+12
🇨🇳 Mongols · China
779
+13
🇧🇷 Georgians · Brazil
773
+13
🇨🇳 Slavs · China
746
+14
🇹🇷 Britons · Türkiye
771
-27
🇹🇷 Spanish · Türkiye
731
-14
🇹🇷 Franks · Türkiye
690
-12
🇹🇷 Magyars · Türkiye
644
-11
sergiogo032
2:29 Loom
13:38 Feudal Age
15:07 Gold Mining
15:06 Double-Bit Axe
15:29 Horse Collar
18:03 Wheelbarrow
22:25 Castle Age
20:18 Stone Mining
20:37 Fishing Lines
22:57 Padded Archer Armor
22:48 Fletching
24:53 Bodkin Arrow
25:13 Leather Archer Armor
25:02 Squires
24:59 Gillnets
25:21 Bow Saw
25:51 Gold Shaft Mining
25:05 Town Watch
26:28 Heavy Plow
27:44 Hand Cart
33:30 Imperial Age
32:13 Stone Shaft Mining
31:44 Crossbowman
32:52 Town Patrol
33:42 Thumb Ring
34:10 Ballistics
35:18 Chemistry
35:00 Ring Archer Armor
34:58 Arbalester
35:47 Bracer
37:22 Two-Man Saw
36:45 Forging
38:00 Masonry
37:45 Murder Holes
38:23 Conscription
38:47 Torsion Engines
39:36 Elite Shotel Warrior
362747455
0:30 Loom
13:00 Feudal Age
14:57 Wheelbarrow
16:54 Gold Mining
17:54 Stone Mining
18:10 Double-Bit Axe
18:07 Horse Collar
22:20 Castle Age
20:11 Town Watch
23:41 Heavy Plow
24:18 Gold Shaft Mining
24:01 Hand Cart
24:45 Bow Saw
26:43 Masonry
27:54 Town Patrol
30:06 Detinets
33:56 Imperial Age
34:27 Squires
33:50 Pikeman
34:25 Fletching
34:45 Forging
34:36 Scale Mail Armor
34:42 Scale Barding Armor
36:06 Two-Man Saw
34:44 Light Cavalry
36:55 Halberdier
37:54 Chain Mail Armor
38:14 Iron Casting
38:00 Chain Barding Armor
37:36 Bodkin Arrow
37:44 Druzhina
38:28 Crop Rotation
38:58 Ballistics
39:38 Chemistry
39:03 Bloodlines
38:57 Husbandry
39:32 Hussar
40:37 Conscription
40:55 Hoardings
40:29 Siege Engineers
42:37 Coinage
42:08 Caravan
41:47 Elite Boyar
43:14 Plate Barding Armor
43:10 Plate Mail Armor
43:47 Blast Furnace
43:17 Murder Holes
45:24 Banking
JOE
0:32 Loom
11:00 Feudal Age
18:45 Castle Age
17:57 Double-Bit Axe
20:22 Wheelbarrow
21:25 Hand Cart
25:09 Gold Mining
25:17 Stone Mining
28:53 Horse Collar
29:55 Heavy Plow
30:09 Bow Saw
34:04 Nomads
34:11 Nomads
34:52 Gold Shaft Mining
37:13 Imperial Age
37:04 Fortified Wall
37:04 Masonry
37:15 Ballistics
37:32 Padded Archer Armor
37:23 Fletching
37:39 Scale Barding Armor
38:29 Conscription
37:35 Elite Mangudai
38:42 Drill
38:52 Heavy Scorpion
38:53 Onager
40:15 Caravan
42:17 Husbandry
42:28 Bloodlines
41:50 Siege Onager
47:23 Chemistry
46:29 Siege Engineers
46:10 Elite Steppe Lancer
47:15 Leather Archer Armor
46:56 Bodkin Arrow
47:22 Chain Barding Armor
47:14 Forging
50:59 Iron Casting
50:25 Bracer
RHMM16
0:26 Loom
14:14 Feudal Age
20:10 Castle Age
19:31 Horse Collar
26:33 Double-Bit Axe
26:40 Gold Mining
28:32 Heavy Plow
32:37 Imperial Age
30:42 Scale Barding Armor
31:33 Wheelbarrow
32:42 Hand Cart
33:11 Chain Barding Armor
34:04 Bloodlines
34:31 Husbandry
35:07 Conscription
36:01 Forging
37:29 Plate Barding Armor
37:32 Iron Casting
38:02 Stone Mining
38:05 Elite Monaspa
44:42 Blast Furnace
46:45 Aznauri Cavalry
sightlaber
10:22 Feudal Age
11:22 Double-Bit Axe
15:56 Castle Age
17:04 Bow Saw
16:43 Horse Collar
24:57 Crossbowman
28:55 Caravan
30:20 Heavy Plow
30:38 Gold Mining
33:36 Gold Shaft Mining
37:25 Imperial Age
35:33 Wheelbarrow
35:24 Fletching
35:34 Padded Archer Armor
37:12 Leather Archer Armor
36:53 Bodkin Arrow
38:38 Ring Archer Armor
37:49 Arbalester
38:49 Hand Cart
40:10 Bracer
41:59 Gambesons
42:00 Arson
42:16 Squires
41:37 Man-at-Arms
41:40 Pikeman
43:29 Forging
43:19 Scale Mail Armor
45:42 Iron Casting
45:23 Chain Mail Armor
44:33 Halberdier
Herrhosen
12:57 Feudal Age
12:12 Loom
15:28 Wheelbarrow
15:49 Wheelbarrow
18:07 Castle Age
17:15 Double-Bit Axe
17:19 Horse Collar
18:09 Stone Mining
19:21 Bow Saw
21:00 Heavy Plow
26:32 Hand Cart
26:41 Fletching
28:14 Caravan
28:42 Bodkin Arrow
30:10 Caravan
31:23 Town Watch
33:38 Stone Shaft Mining
32:54 Gold Mining
35:37 Imperial Age
33:35 Scale Barding Armor
33:31 Padded Archer Armor
34:53 Inquisition
36:01 Ballistics
35:38 Murder Holes
36:21 Coinage
36:12 Town Patrol
36:36 Chain Barding Armor
36:27 Forging
36:58 Elite Conquistador
37:59 Conscription
37:02 Elite Conquistador
38:03 Guilds
38:09 Husbandry
38:20 Bloodlines
37:31 Cavalier
39:17 Chemistry
38:34 Masonry
38:40 Fortified Wall
39:37 Paladin
41:43 Supremacy
42:27 Plate Barding Armor
HAROSEN
11:20 Feudal Age
12:41 Wheelbarrow
12:38 Double-Bit Axe
17:32 Horse Collar
21:50 Castle Age
23:00 Hand Cart
22:49 Heavy Plow
23:06 Bow Saw
28:31 Caravan
37:01 Imperial Age
38:22 Crop Rotation
37:46 Stone Mining
37:47 Gold Mining
39:05 Chemistry
38:18 Masonry
38:08 Murder Holes
37:56 Treadmill Crane
38:09 Heated Shot
38:33 Pikeman
38:47 Elite Magyar Huszar
40:31 Corvinian Army
43:18 Recurve Bow
44:12 Husbandry
44:25 Bloodlines
44:26 Cavalier
44:28 Light Cavalry
46:58 Parthian Tactics
Herun
1:41 Loom
13:05 Feudal Age
15:08 Double-Bit Axe
16:17 Wheelbarrow
17:44 Gold Mining
17:44 Stone Mining
24:02 Castle Age
24:40 Forging
27:21 Bow Saw
27:48 Gold Shaft Mining
27:24 Caravan
29:11 Husbandry
31:54 Iron Casting
33:19 Hand Cart
34:38 #83
36:56 Imperial Age
37:08 #83
37:16 Murder Holes
37:43 Ballistics
37:58 Chivalry
37:26 Cavalier
40:46 Chemistry
42:48 Blast Furnace
41:56 Scale Barding Armor
42:34 Paladin
45:44 Chain Barding Armor
50:06 Plate Barding Armor
Connection lost

Rejoining the realm…

Still unreachable

The connection could not be restored.

Session expired

The server has moved on; the page needs a fresh start.